 Dungeon Crawl Stone Soup version 0.21-a0-67-g3f13d09 (webtiles) character file.

1771626 xgamer67 the Acrobat (level 27, 232/232 HPs)
             Began as a Human Gladiator on June 18, 2017.
             Was a Follower of Uskayaw.
             Escaped with the Orb
             ... and 3 runes!
             The game lasted 03:11:40 (63733 turns).

xgamer67 the Acrobat (Human Gladiator)             Turns: 63733, Time: 03:11:41

Health: 232/232    AC: 45    Str: 19    XL:     27
Magic:  36/36      EV: 31    Int: 17    God:    Uskayaw [*.....]
Gold:   189        SH:  0    Dex: 23    Spells: 3/26 levels left

rFire    + + +     SeeInvis +   a - +7 battleaxe (vamp)
rCold    + . .     Gourm    .   (shield currently unavailable)
rNeg     + . .     Faith    .   P - +8 plate armour of a ziggurat {rCorr}
rPois    .         Spirit   .   C - +2 helmet {SInv}
rElec    +         Reflect  .   p - +1 cloak of Starlight {rElec rC+ EV+4 Stlth--}
rCorr    +         Harm     .   F - +2 pair of gloves {archery}
MR       +....                  L - +2 pair of boots of Fig Jyun {rN+ Regen+ Dex+4}
Stlth    ..........             k - amulet of regeneration
HPRegen  1.28/turn              j - +5 ring of evasion
MPRegen  0.25/turn              l - ring of Atoamupp {rF+++ MR- Int+8 Dex-2 SInv}

@: no status effects
A: slimy green scales 1, deterioration 1, dopey 1, fire resistance 1, wild magic
2
0: Orb of Zot
}: 3/15 runes: barnacled, slimy, gossamer
a: Stomp, Renounce Religion


You escaped.
You worshipped Uskayaw.
Uskayaw was most pleased with you.
You were very full.

You visited 9 branches of the dungeon, and saw 50 of its levels.
You also visited: Labyrinth and Ice Cave.

You collected 5566 gold pieces.
You spent 5377 gold pieces at shops.

Inventory:

Hand Weapons
 a - a +7 vampiric battleaxe (weapon)
Missiles
 d - 22 throwing nets (quivered)
Armour
 p - the +1 cloak of Starlight (worn) {rElec rC+ EV+4 Stlth--}
   (You bought it in a shop on level 3 of the Vaults)

   It affects your evasion (+4).
   It protects you from cold.
   It insulates you from electricity.
   It makes you much less stealthy.
 C - a +2 helmet of see invisible (worn)
 F - a +2 pair of gloves of archery (worn)
 L - the +2 pair of boots of Fig Jyun (worn) {rN+ Regen+ Dex+4}
   (You found it on level 4 of the Shoals)

   It affects your dexterity (+4).
   It protects you from negative energy.
   It increases your rate of regeneration.
 P - the +8 plate armour of a ziggurat (worn) {rCorr}
   (You bought it in a shop on level 6 of the Dungeon)

   It protects you from acid and corrosion.
Jewellery
 j - a +5 ring of evasion (left hand)
 k - an amulet of regeneration (around neck)
 l - the ring of Atoamupp (right hand) {rF+++ MR- Int+8 Dex-2 SInv}
   (You bought it in a shop on level 3 of the Depths)

   [ring of see invisible]

   It affects your intelligence (+8).
   It affects your dexterity (-2).
   It renders you almost immune to fire.
   It affects your resistance to hostile enchantments.
   It lets you see invisible.
 t - the ring of Arrival {rPois rN+ Str+6 Int-5}
   (You found it on level 5 of the Pits of Slime)

   [ring of positive energy]

   It affects your strength (+6).
   It affects your intelligence (-5).
   It protects you from poison.
   It protects you from negative energy.
 v - the ring "Ycadint" {Fire rPois Int-4 Slay+2}
   (You found it on level 5 of the Pits of Slime)

   [ring of fire]

   It enhances your fire magic.
   It affects your intelligence (-4).
   It affects your accuracy and damage with ranged weapons and melee attacks
   (+2).
   It protects you from fire.
   It makes you vulnerable to cold.
   It protects you from poison.
 R - an uncursed amulet of faith
 U - the ring "Walecwoe" {rF+ MR+}
   (You found it on level 6 of the Lair of Beasts)

   [ring of protection from magic]

   It protects you from fire.
   It affects your resistance to hostile enchantments.
 X - the ring "Ufos" {rF- rC+ MR+++ Str+6 Slay+3}
   (You found it on level 3 of the Lair of Beasts)

   [ring of protection from cold]

   It affects your strength (+6).
   It affects your accuracy and damage with ranged weapons and melee attacks
   (+3).
   It makes you vulnerable to fire.
   It protects you from cold.
   It affects your resistance to hostile enchantments.
Wands
 e - a wand of scattershot (6/9)
 g - a wand of clouds (6/9)
 u - a wand of digging (13/24)
 E - a wand of acid (5/15)
 G - a wand of disintegration (9/24)
 M - a wand of paralysis (14/24)
 Y - a wand of iceblast (5/15)
Scrolls
 f - a scroll of silence
 i - 14 scrolls of teleportation
 n - 8 scrolls of blinking
 q - 4 scrolls of identify
 w - 4 scrolls of fear
 y - 4 scrolls of recharging
 Q - a scroll of summoning
 S - 10 scrolls of fog
Potions
 b - 2 potions of agility
 c - a potion of berserk rage
 m - a potion of haste
 r - 4 potions of might
 x - 5 potions of heal wounds
 z - 12 potions of curing
 A - a potion of resistance
 H - a potion of ambrosia
 I - a potion of mutation
 K - 2 potions of cancellation
 V - 3 potions of invisibility
 W - a potion of flight
Miscellaneous
 B - a lightning rod (4/4)
 D - 2 sacks of spiders
 J - a phial of floods
 N - a fan of gales
 O - 2 boxes of beasts
 T - 2 phantom mirrors
 Z - a lamp of fire
Comestibles
 h - 17 meat rations


   Skills:
 - Level 22.3 Fighting
 - Level 20.3 Axes
 - Level 2.0 Throwing
 + Level 22.6 Armour
 + Level 22.7 Dodging
 - Level 18.0 Invocations
 - Level 15.0 Evocations


You had 3 spell levels left.
You knew the following spells:

 Your Spells              Type           Power        Failure   Level  Hunger
a - Animate Skeleton      Necr           N/A          92%         1    ##.....
b - Apportation           Tloc           #.....       92%         1    ##.....
c - Summon Butterflies    Summ           #.......     92%         1    ##.....
d - Blink                 Tloc           N/A          98%         2    ###....
e - Infusion              Chrm           #...         92%         1    ##.....
f - Shroud of Golubria    Chrm/Tloc      #.........   98%         2    ###....
g - Regeneration          Chrm/Necr      #.........   100%        3    ####...
h - Spectral Weapon       Hex/Chrm       #.......     100%        3    ####...
i - Corpse Rot            Necr           N/A          98%         2    ###....
j - Lesser Beckoning      Tloc           #.........   100%        3    ####...
k - Passage of Golubria   Tloc           N/A          100%        4    #####..


Dungeon Overview and Level Annotations

Branches:
Dungeon (15/15)            Temple (0/1) D:5            Lair (6/6) D:8
 Shoals (4/4) Lair:3       Spider (4/4) Lair:3        Slime (5/5) Lair:6
    Orc (2/2) D:9             Elf (0/3) Orc:2        Vaults (4/5) D:14
  Crypt (0/3) Vaults:3     Depths (5/5) D:15            Zot (5/5) Depths:5

Altars:
Hepliaklqana
Kikubaaqudgha
Makhleb
Okawaru
Qazlal
Sif Muna
Uskayaw
Wu Jian
Xom
The Shining One
Beogh

Shops:
D:6 [   D:9 [   D:14 *   D:15 (   Orc:1 ?   Orc:2 *(}}   Shoals:1 !
Vaults:3 [   Depths:3 }=}

Portals:
Hell: Depths:1 Depths:2 Depths:3 Depths:4 Depths:5
Abyss: Depths:2 Depths:4 Depths:5
Pandemonium: Depths:2 Depths:3
Ziggurat: Depths:4
Trove: D:14 (give +7 demon whip)

Annotations:
D:1 vault
D:4 exclusion: door
Zot:5 xgamer67's ghost, veteran HuGl


Innate Abilities, Weirdness & Mutations

You are partially covered in slimy green scales. (AC +2)
Your body sometimes deteriorates upon taking damage.
You are dopey. (Int -2)
Your flesh is heat resistant. (rF+)
Your spells are harder to cast, but more powerful.


Message History

Level annotation: vault
There is a stone staircase leading down here.
There is an open door here.
There is an open door here. 2 hellwings come into view.
The hellwing gives a chilling moan.
You see here a robe.
There is an open door here.
You close the door.
(D) Dungeon (T) Temple (L) Lair (A) Shoals (N) Spider Nest (M) Slime Pits (O) Orcish Mines (E) Elven Halls (V) Vaults (C) Crypt (U) Depths (H) Hell (Z) Zot
Where to? (Enter - D:1 @ (x,y), ? - help)
A hellwing opens the door.
There is an open door here.
You see here a dagger.
You see here a short sword of holy wrath.
There is a staircase leading out of the dungeon here.
You have escaped!

#4# ####### #.# ......# #.#
#####.########.#
###.........##.#######
....#.#..............########
.#......###.#...##..........#
......### #....##..########.#
#.#.#######.#..#@..# #.#
#.#.........##.##.## #.#
#.############.#### #.# #.#
#.# #.# #.## ##'## #.# #..#
##...## #.# ##.### ##.....##
#####.# #.#.##
##.......#####.....#
##....####................###


There were no monsters in sight!

Vanquished Creatures
  the Royal Jelly (Slime:5)
  Dissolution (Slime:3)
  6 ancient liches
  8 orbs of fire (Zot:5)
  A juggernaut (Depths:5)
  The ghost of tstbtto the Conqueror, a legendary GrBe of the Shining One (Depths:4)
  Margery (Depths:4)
  Saint Roka (Depths:4)
  Bai Suzhen (Shoals:3)
  3 Killer Klowns
  3 curse toes
  8 golden dragons
  the Enchantress (Depths:1)
  Arachne (Spider:3)
  Jory (Depths:3)
  7 electric golems
  Jorgrun (Spider:2)
  11 tentacled monstrosities
  A titan (Depths:3)
  2 Ice Fiends (IceCv)
  22 Orb Guardians
  5 liches
  2 krakens
  8 quicksilver dragons
  17 acid blobs
  Polyphemus (Shoals:2)
  10 shadow dragons
  The ghost of xgamer67 the Bludgeoner, an adept HuGl of Okawaru (Spider:2)
  An ancient champion (Vaults:3)
  10 death cobs
  Gastronok (Lair:2)
  9 storm dragons
  Ilsuiw (Shoals:3)
  7 frost giants
  12 draconian monks
  12 azure jellies
  3 fire giants
  10 ghost moths
  11 draconian knights
  An orc warlord (Orc:2)
  4 vault wardens
  A deep elf sorcerer (Depths:2)
  A balrug (D:12)
  10 draconian shifters
  A curse skull (Depths:2)
  11 draconian stormcallers
  8 draconian scorchers
  A ghost moth (shapeshifter) (Depths:4)
  An emperor scorpion (shapeshifter) (Zot:3)
  6 emperor scorpions
  3 spriggan defenders (Depths:1)
  11 draconian annihilators
  18 very ugly things
  A reaper (Depths:2)
  8 ironheart preservers
  8 entropy weavers
  Nessos (D:13)
  5 vampire knights
  17 stone giants
  9 white draconians
  19 green draconians
  10 yellow draconians
  A lorocyproca (Zot:3)
  24 black draconians
  20 red draconians
  2 dire elephants (Lair:6)
  3 spark wasps
  9 purple draconians
  5 deep elf annihilators
  10 ettins
  2 deep elf death magi
  13 merfolk impalers
  A minotaur (Lab)
  6 death oozes
  A jiangshi (Vaults:3)
  7 merfolk javelineers
  10 fire dragons
  A blizzard demon (Depths:3)
  10 ice dragons
  6 rakshasas
  5 vault guards
  11 yaktaur captains
  13 great orbs of eyes
  9 hydras
  5 spriggan air magi
  The ghost of xgamer67 the Cleaver, a journeyman HuGl of Ru (D:9)
  3 merfolk avatars
  Erica (D:8)
  3 catoblepae
  11 centaur warriors
  11 ogre magi
  33 two-headed ogres
  3 merfolk aquamancers
  2 alligator snapping turtles
  A satyr (Shoals:3)
  3 tengu warriors
  The ghost of Gorglomux the Placeless Gnoll, a novice GnWr of Wu Jian (D:10)
  8 death yaks
  6 deep troll shamans
  A queen ant (Spider:2)
  A deep troll earth mage (Depths:2)
  2 vampire magi
  An orc high priest (Vaults:2)
  2 spriggans
  3 spriggan berserkers
  A sun demon (D:12)
  A deep elf knight (Vaults:3)
  10 soul eaters
  11 shadow wraiths
  3 hell knights (Depths:4)
  6 iron trolls
  A sixfirhy (Zot:5)
  9 skeletal warriors
  A death drake (shapeshifter) (Vaults:2)
  A kraken simulacrum (Shoals:4)
  8 wizards
  8 unseen horrors
  14 sea snakes
  6 deep elf archers
  21 deep trolls
  A torturous demonspawn (Zot:5)
  A glowing orange brain (Slime:5)
  9 ironbrand convokers
  11 harpies
  7 necromancers
  6 phantasmal warriors
  8 flayed ghosts
  20 orc knights
  3 oklob plants (Lair:3)
  30 wolf spiders
  5 orc sorcerers
  14 deep elf magi
  17 orb spiders
  6 fauns (Shoals:3)
  A frost giant zombie (Vaults:2)
  35 ugly things
  2 shining eyes
  4 cyclopes
  11 manticores
  A salamander (shapeshifter) (Vaults:4)
  8 black mambas
  13 merfolk sirens
  27 moths of wrath
  An elephant (shapeshifter) (D:15)
  6 guardian serpents (Zot:3)
  An apocalypse crab (Zot:3)
  7 water nymphs
  Psyche (D:9)
  12 elephants (Lair:6)
  2 eyes of devastation
  2 ice statues (IceCv)
  A rust devil (Zot:5)
  19 vault sentinels
  5 centaur skeletons
  6 torpor snails
  The ghost of xgamer67 the Chopper, a novice HuGl (D:4)
  2 gargoyles
  A yaktaur (shapeshifter) (D:15)
  4 orange demons
  7 spiny frogs
  A tormentor (Depths:2)
  A komodo dragon (shapeshifter) (Depths:5)
  7 rime drakes
  2 kobold demonologists
  13 ice devils (IceCv)
  5 freezing wraiths
  7 komodo dragons
  7 tengu conjurers
  31 merfolk
  27 yaktaurs
  2 jumping spiders (shapeshifter)
  A silent spectre (Depths:2)
  3 red devils
  7 demonic crawlers
  2 meliai (Spider:3)
  A polar bear (shapeshifter) (Vaults:2)
  3 harpy zombies (Zot:3)
  8 trolls
  24 jumping spiders
  A polar bear (Lair:6)
  4 wind drakes
  18 hornets
  13 blink frogs
  Grinder (D:3)
  4 tyrant leeches (Spider:4)
  2 raiju (Zot:3)
  9 dream sheep
  80 slime creatures
  9 snapping turtles
  A fire giant simulacrum (Vaults:2)
  A stone giant simulacrum (Vaults:3)
  An ettin zombie (Vaults:2)
  A blink frog (shapeshifter) (Vaults:3)
  73 redbacks
  24 hippogriffs
  11 water elementals
  6 air elementals
  A centaur simulacrum (D:14)
  Sigmund (D:3)
  9 shadows
  3 wraiths
  An ettin skeleton (Vaults:2)
  3 basilisks
  A ynoxinul (Depths:2)
  27 tarantellas
  2 wyverns
  36 yaks
  2 chaos spawn
  2 fire elementals (Depths:4)
  A golden eye (shapeshifter) (Vaults:3)
  2 hungry ghosts
  9 vampire mosquitoes (Depths:3)
  A neqoxec (Depths:5)
  2 golden eyes (Slime:2)
  A yaktaur simulacrum (Vaults:3)
  6 wargs
  2 acid dragons (D:15)
  4 soldier ants
  A soldier ant (shapeshifter) (D:14)
  8 water moccasins
  A floating eye (Depths:5)
  8 porcupines
  4 large abominations (Depths:4)
  6 ice beasts
  3 sky beasts
  70 orc warriors
  3 hornet zombies
  5 eyes of draining
  A phantom (D:10)
  4 black bears
  47 ogres
  47 centaurs
  31 wolves
  11 boggarts
  A necrophage (D:8)
  15 crocodiles
  4 big kobolds
  8 small abominations (Depths:4)
  4 earth elementals (Spider:4)
  22 bullfrogs
  A hornet simulacrum (Vaults:1)
  A wyvern skeleton (D:13)
  5 scorpions
  5 killer bees (D:13)
  5 wights (D:14)
  6 howler monkeys
  6 electric eels
  8 crimson imps
  A bullfrog zombie (D:8)
  6 jellies
  6 quasits
  30 orc priests
  5 hounds
  2 bullfrog skeletons
  3 centaur zombies
  An iron imp (Depths:2)
  Terence (D:3)
  2 iguanas
  30 orc wizards
  16 worker ants
  A hound zombie (D:5)
  A hound skeleton (D:7)
  3 worker ant zombies
  15 adders
  14 gnolls
  A river rat (Lair:4)
  3 shadow imps
  8 white imps
  10 ufetubi
  A worm (D:2)
  3 dart slugs (D:1)
  7 leopard geckos
  144 orcs
  5 giant cockroaches
  11 goblins
  12 hobgoblins
  4 jackals (D:5)
  27 kobolds
  6 quokkas
  5 bats
  2 frilled lizards (D:2)
  2 quokka skeletons
  7 rats
  3 butterflies
  13 fungi
  9 plants
  6 tentacles
2342 creatures vanquished.

Vanquished Creatures (collateral kills)
  An acid blob (Slime:5)
  An azure jelly (Slime:5)
  A great orb of eyes (Slime:5)
  A hydra (Lair:6)
  2 shining eyes
  An ugly thing (D:11)
7 creatures vanquished.

Vanquished Creatures (others)
  A draconian annihilator (Zot:2)
  An orb spider (Spider:1)
  A meliai (Spider:3)
  2 jumping spiders
  A tarantella (Spider:3)
  A human (Depths:2)
  An eye of draining (Depths:5)
  A white imp (IceCv)
  2 ufetubi (IceCv)
  A bush (D:15)
  8 fungi
  23 plants
  10 tentacles
53 creatures vanquished.

Grand Total: 2402 creatures vanquished

Notes
Turn   | Place    | Note
-------+----------+-------------------------------------------
     0 | D:1      | xgamer67 the Human Gladiator began the quest for the Orb.
     0 | D:1      | Reached XP level 1. HP: 16/16 MP: 1/1
   218 | D:1      | Reached XP level 2. HP: 23/23 MP: 2/2
   543 | D:1      | Reached XP level 3. HP: 29/29 MP: 3/3
  1416 | D:2      | Reached XP level 4. HP: 35/35 MP: 4/4
  1773 | D:2      | Found an ornate altar of the Wu Jian Council.
  1779 | D:2      | Found an ancient bone altar of Kikubaaqudgha.
  1781 | D:2      | Found a hide-covered altar of Uskayaw.
  1791 | D:2      | Became a worshipper of Uskayaw the Reveler
  2100 | D:2      | Reached * piety under Uskayaw
  2101 | D:2      | Reached ** piety under Uskayaw
  2141 | D:3      | Reached *** piety under Uskayaw
  2145 | D:3      | Reached **** piety under Uskayaw
  2146 | D:3      | Reached XP level 5. HP: 31/41 MP: 5/5
  2204 | D:3      | Reached skill level 5 in Axes
  2338 | D:3      | Noticed Grinder
  2611 | D:4      | Noticed xgamer67's ghost (novice HuGl)
  2611 | D:4      | Reached XP level 6. HP: 42/47 MP: 6/6
  2966 | D:3      | Noticed Sigmund
  2991 | D:3      | Killed Sigmund
  2991 | D:3      | Reached XP level 7. HP: 31/52 MP: 7/7
  3027 | D:3      | Killed Grinder
  3265 | D:3      | Noticed Terence
  3276 | D:3      | Killed Terence
  3796 | D:4      | Found a deep blue altar of Sif Muna.
  4026 | D:5      | Entered Level 5 of the Dungeon
  4114 | D:5      | Found a staircase to the Ecumenical Temple.
  4120 | D:5      | Reached XP level 8. HP: 58/58 MP: 8/8
  4438 | D:5      | Found a burning altar of Makhleb.
  4438 | D:5      | Found a shimmering altar of Xom.
  5071 | D:6      | Found Zeujaen's Antique Armour Emporium.
  5131 | D:6      | Found a stormy altar of Qazlal.
  5178 | D:6      | Found a glowing golden altar of the Shining One.
  5231 | D:6      | Reached skill level 10 in Axes
  5791 | D:7      | Reached XP level 9. HP: 56/63 MP: 9/9
  5882 | D:7      | Got a warped dagger
  6043 | D:7      | Found an iron altar of Okawaru.
  6044 | D:7      | Found a hazy altar of Hepliaklqana.
  7270 | D:8      | Reached skill level 1 in Armour
  7682 | D:8      | Reached XP level 10. HP: 67/70 MP: 10/10
  7686 | D:8      | Found a staircase to the Lair.
  7828 | D:8      | Reached skill level 5 in Armour
  7917 | D:8      | Noticed a two-headed ogre
  8095 | D:9      | Noticed Psyche
  8105 | D:9      | Killed Psyche
  8105 | D:9      | Reached skill level 5 in Fighting
  8142 | D:9      | Found Ucofyn's Antique Armour Emporium.
  8170 | D:9      | Noticed xgamer67's ghost (journeyman HuGl)
  8960 | D:10     | Entered Level 10 of the Dungeon
  9001 | D:10     | Reached ***** piety under Uskayaw
  9028 | D:10     | Reached skill level 1 in Invocations
  9199 | D:10     | Noticed Gorglomux's ghost (novice GnWr)
  9228 | D:10     | Found a burning altar of Makhleb.
  9488 | D:10     | Noticed a two-headed ogre
  9715 | D:11     | Reached XP level 11. HP: 76/84 MP: 14/14
  9725 | D:11     | Reached skill level 5 in Invocations
  9883 | D:11     | Noticed a red ugly thing
  9901 | D:11     | HP: 3/84 [red ugly thing (20)]
  9904 | D:11     | Killed a red ugly thing
 11029 | D:11     | Noticed a two-headed ogre
 11045 | D:11     | Killed a two-headed ogre
 11301 | D:11     | Noticed a white ugly thing
 11309 | D:11     | Killed a white ugly thing
 11419 | D:10     | Killed a two-headed ogre
 11419 | D:10     | Reached skill level 5 in Dodging
 11874 | D:8      | Noticed Erica
 11882 | D:8      | Killed Erica
 11882 | D:8      | Reached skill level 1 in Evocations
 11987 | D:8      | Reached XP level 12. HP: 86/91 MP: 18/18
 12084 | D:8      | Killed a two-headed ogre
 12137 | D:8      | Found a burning altar of Makhleb.
 12284 | D:8      | Found a roughly hewn altar of Beogh.
 12448 | D:8      | Paralysed by a hornet for 3 turns
 13110 | D:9      | Noticed a two-headed ogre
 13122 | D:9      | Killed a two-headed ogre
 13123 | D:9      | Found a staircase to the Orcish Mines.
 13773 | D:9      | Killed xgamer67's ghost
 13773 | D:9      | Reached skill level 5 in Evocations
 14438 | D:4      | Killed xgamer67's ghost
 14554 | D:6      | Bought a faintly glowing plate armour for 672 gold pieces
 14564 | D:6      | Identified the +8 plate armour of a ziggurat {rCorr} (You bought it in a shop on level 6 of the Dungeon)
 15189 | D:10     | Noticed a four-headed hydra
 16102 | D:12     | Reached XP level 13. HP: 96/96 MP: 19/19
 16161 | D:12     | Noticed a four-headed hydra
 16351 | Lair:1   | Entered Level 1 of the Lair of Beasts
 16944 | Lair:1   | Learned a level 1 spell: Animate Skeleton
 16946 | Lair:1   | Learned a level 1 spell: Apportation
 16948 | Lair:1   | Learned a level 1 spell: Summon Butterflies
 16951 | Lair:1   | Learned a level 2 spell: Blink
 17678 | Lair:2   | Noticed Gastronok
 18398 | Lair:2   | Reached skill level 10 in Dodging
 18501 | Lair:2   | Killed Gastronok
 19015 | Lair:2   | Noticed a six-headed hydra
 19027 | Lair:2   | Killed a seven-headed hydra
 19266 | Lair:3   | Got a twitching wooden ring
 19268 | Lair:3   | Identified the ring "Ufos" {rF- rC+ MR+++ Str+6 Slay+3} (You found it on level 3 of the Lair of Beasts)
 19313 | Lair:3   | Found a staircase to the Shoals.
 19451 | Lair:3   | Reached skill level 10 in Armour
 19458 | Lair:3   | Found a hole to the Spider Nest.
 19833 | Lair:4   | Noticed a six-headed hydra
 20564 | Lair:3   | Reached XP level 14. HP: 41/104 MP: 20/20
 21427 | Lair:4   | Reached ****** piety under Uskayaw
 22956 | Lair:5   | Reached skill level 10 in Fighting
 23294 | Lair:6   | Entered Level 6 of the Lair of Beasts
 23396 | Lair:6   | Reached skill level 10 in Invocations
 23429 | Lair:6   | Noticed a dire elephant
 23464 | Lair:6   | Killed a dire elephant
 24000 | Lair:6   | Noticed a dire elephant
 24010 | Lair:6   | Killed a dire elephant
 24017 | Lair:6   | Reached XP level 15. HP: 61/115 MP: 14/24
 24124 | Lair:6   | Got a flickering lapis lazuli ring
 24126 | Lair:6   | Identified the ring "Walecwoe" {rF+ MR+} (You found it on level 6 of the Lair of Beasts)
 24614 | Lair:6   | Found a staircase to the Slime Pits.
 25927 | D:13     | Noticed Nessos
 25951 | D:13     | Killed Nessos
 26731 | Orc:1    | Entered Level 1 of the Orcish Mines
 26732 | Orc:1    | Found Vizosot's Magic Scroll Shop.
 26824 | Orc:1    | Bought a scroll of blinking for 90 gold pieces
 26824 | Orc:1    | Bought a scroll of fog for 24 gold pieces
 27181 | Orc:2    | Entered Level 2 of the Orcish Mines
 27228 | Orc:2    | Found a labyrinth entrance.
 27237 | Lab      | Entered a labyrinth
 27540 | Lab      | Got a translucent broad axe
 27558 | Lab      | Got a warped plate armour
 27570 | Lab      | Identified the +0 plate armour of Birdsong {rF+ Int+4} (You found it in a labyrinth)
 27581 | Lab      | Identified the +6 broad axe "Hydrabane" {protect, +Inv} (You found it in a labyrinth)
 28199 | Orc:2    | Noticed an orc warlord
 28205 | Orc:2    | Found a staircase to the Elven Halls.
 28693 | Orc:2    | Found Igesk's Gadget Shoppe.
 28693 | Orc:2    | Found Daefonir's Weapon Shop.
 28695 | Orc:2    | Found Rakuxod's General Store.
 28697 | Orc:2    | Found Eteczenyots's Gadget Emporium.
 28874 | Orc:2    | Reached XP level 16. HP: 124/127 MP: 25/25
 28968 | Orc:2    | Bought a sack of spiders for 320 gold pieces
 28968 | Orc:2    | Bought a wand of digging (15/24) for 608 gold pieces
 29009 | Orc:2    | Reached skill level 15 in Axes
 29147 | D:14     | Found a portal to a secret trove of treasure.
 29369 | D:14     | Found Fawyac's Demolitions Depot.
 30098 | D:14     | Found a gate to the Vaults.
 30280 | D:15     | Entered Level 15 of the Dungeon
 30328 | D:15     | Found Izum's Antique Weapon Emporium.
 30799 | D:15     | Found a staircase to the Depths.
 31344 | Spider:1 | Entered Level 1 of the Spider Nest
 31645 | Spider:1 | Reached XP level 17. HP: 77/133 MP: 26/26
 32785 | Spider:2 | Identified the ring "Nixkie" {*Tele rN+ Str-3 Int+2 Dex+2 SInv} (You found it on level 2 of the Spider Nest)
 33143 | Spider:2 | Noticed xgamer67's ghost (adept HuGl)
 33213 | Spider:2 | Killed xgamer67's ghost
 33582 | Spider:2 | Noticed Jorgrun
 33594 | Spider:2 | Killed Jorgrun
 33939 | Spider:3 | Noticed Arachne
 33951 | Spider:3 | Killed Arachne
 33951 | Spider:3 | Reached XP level 18. HP: 113/140 MP: 27/27
 34233 | Spider:3 | Identified a scroll of acquirement
 34596 | Spider:4 | Entered Level 4 of the Spider Nest
 35731 | Spider:4 | Paralysed by a hornet for 3 turns
 36175 | Spider:4 | Learned a level 1 spell: Infusion
 36178 | Spider:4 | Learned a level 2 spell: Shroud of Golubria
 36216 | Spider:4 | Reached skill level 15 in Armour
 36232 | Spider:4 | Got a gossamer rune of Zot
 36753 | D:14     | Bought a wand of scattershot (3/9) for 231 gold pieces
 36753 | D:14     | Bought a manual of Evocations for 1214 gold pieces
 36840 | Vaults:1 | Entered Level 1 of the Vaults
 37240 | Vaults:1 | Reached XP level 19. HP: 146/146 MP: 28/28
 38218 | Vaults:2 | Learned a level 3 spell: Regeneration
 38222 | Vaults:2 | Learned a level 3 spell: Spectral Weapon
 38649 | Vaults:2 | Reached skill level 10 in Evocations
 39733 | Vaults:3 | Found Putugg's Armour Boutique.
 39746 | Vaults:3 | Bought a +2 pair of boots of flying for 258 gold pieces
 40040 | Vaults:3 | Reached XP level 20. HP: 153/153 MP: 29/29
 40922 | Vaults:3 | Found a staircase to the Crypt.
 41928 | Vaults:4 | Reached skill level 15 in Evocations
 43006 | Lair:3   | Reached XP level 21. HP: 162/162 MP: 32/32
 43027 | Shoals:1 | Entered Level 1 of the Shoals
 43046 | Shoals:1 | Found a frozen archway.
 43055 | IceCv    | Entered an ice cave
 43586 | Shoals:1 | Found Asuubu's Distillery.
 44238 | Shoals:2 | Noticed Polyphemus
 44263 | Shoals:2 | Killed Polyphemus
 44868 | D:10     | Killed Gorglomux's ghost
 45005 | Vaults:3 | Bought the +1 cloak of Starlight {rElec rC+ EV+4 Stlth--} for 534 gold pieces
 46009 | Shoals:2 | Reached skill level 15 in Fighting
 46254 | Shoals:3 | Noticed Ilsuiw
 46281 | Shoals:3 | Noticed Bai Suzhen
 46284 | Shoals:3 | Killed Ilsuiw
 46288 | Shoals:3 | Killed Bai Suzhen
 47153 | Shoals:4 | Entered Level 4 of the Shoals
 47500 | Shoals:4 | Reached XP level 22. HP: 175/175 MP: 33/33
 47515 | Shoals:4 | Got a barnacled rune of Zot
 48183 | Shoals:4 | Identified the +2 pair of boots of Fig Jyun {rN+ Regen+ Dex+4} (You found it on level 4 of the Shoals)
 48688 | Depths:1 | Entered Level 1 of the Depths
 48729 | Depths:1 | Noticed the Enchantress
 48742 | Depths:1 | Killed the Enchantress
 49219 | Depths:1 | Reached skill level 15 in Invocations
 49238 | Depths:1 | Found a gateway to Hell.
 49615 | Depths:2 | Found a one-way gate to the infinite horrors of the Abyss.
 50325 | Depths:2 | Reached XP level 23. HP: 181/181 MP: 34/34
 50441 | Depths:2 | Found a runed door.
 50460 | Depths:2 | Noticed an ancient lich
 50461 | Depths:2 | Noticed an ancient lich
 50473 | Depths:2 | Killed an ancient lich
 50479 | Depths:2 | Killed an ancient lich
 50835 | Depths:2 | Found a one-way gate leading to the halls of Pandemonium.
 51214 | Depths:3 | Found Ujererr's Gadget Shop.
 51214 | Depths:3 | Found Uxedas's Jewellery Emporium.
 51301 | Depths:3 | Found Wuyw's Gadget Shop.
 51913 | Depths:3 | Noticed Jory
 51957 | Depths:3 | Killed Jory
 51960 | Depths:3 | Reached XP level 24. HP: 188/188 MP: 27/35
 52733 | Depths:4 | Noticed tstbtto's ghost (legendary GrBe)
 52954 | Depths:4 | Found a gateway to a ziggurat.
 52969 | Depths:4 | Noticed Margery
 52983 | Depths:4 | Killed Margery
 52995 | Depths:4 | Killed tstbtto's ghost
 53242 | Depths:4 | Noticed Saint Roka
 53263 | Depths:4 | Killed Saint Roka
 53507 | Depths:4 | Reached skill level 15 in Dodging
 53704 | Depths:4 | Identified the Incunabulum of Flight and Unholy Rituals
 53707 | Depths:4 | Identified the Incunabulum of Black Arts
 53712 | Depths:4 | Learned a level 2 spell: Corpse Rot
 53943 | Depths:5 | Entered Level 5 of the Depths
 54324 | Depths:5 | Noticed a juggernaut
 54339 | Depths:5 | Killed a juggernaut
 54794 | Depths:5 | Reached XP level 25. HP: 194/194 MP: 35/35
 54983 | Depths:5 | Found a gate to the Realm of Zot.
 55654 | Slime:1  | Entered Level 1 of the Pits of Slime
 55747 | Slime:3  | Noticed Dissolution
 55748 | Slime:3  | Killed Dissolution
 55840 | Slime:5  | Entered Level 5 of the Pits of Slime
 55855 | Slime:5  | Noticed the Royal Jelly
 55866 | Slime:5  | Killed the Royal Jelly
 56176 | Slime:5  | Gained mutation: You are partially covered in large bone plates. (SH +4) [a shining eye]
 56253 | Slime:5  | Got a slimy rune of Zot
 56286 | Slime:5  | Identified the ring "Jouwupik" {MR+ SInv} (You found it on level 5 of the Pits of Slime)
 56293 | Slime:5  | Learned a level 3 spell: Lesser Beckoning
 56298 | Slime:5  | Learned a level 4 spell: Passage of Golubria
 56300 | Slime:5  | Identified the Reference Book on Excruciating Translocation
 56318 | Slime:5  | Reached XP level 26. HP: 197/201 MP: 35/35
 56324 | Slime:5  | Identified the ring "Ycadint" {Fire rPois Int-4 Slay+2} (You found it on level 5 of the Pits of Slime)
 56333 | Slime:5  | Identified the +8 plate armour of Xobuc {Int+4} (You found it on level 5 of the Pits of Slime)
 56335 | Slime:5  | Identified the Papyrus of Frigorific Contamination
 56340 | Slime:5  | Identified the ring of Arrival {rPois rN+ Str+6 Int-5} (You found it on level 5 of the Pits of Slime)
 56360 | Slime:5  | Identified the +9 plate armour "Vistip" {+Inv rC+ Int+4 Stlth-} (You found it on level 5 of the Pits of Slime)
 56370 | Slime:5  | Identified the Handbook of the Venomous Entourage
 57093 | Shoals:1 | Bought 2 potions of might for 144 gold pieces
 57093 | Shoals:1 | Bought 2 potions of curing for 108 gold pieces
 57093 | Shoals:1 | Bought a potion of agility for 72 gold pieces
 57093 | Shoals:1 | Bought 2 potions of curing for 108 gold pieces
 57093 | Shoals:1 | Bought a potion of invisibility for 144 gold pieces
 57434 | Depths:3 | Bought the ring of Atoamupp {rF+++ MR- Int+8 Dex-2 SInv} for 850 gold pieces
 57548 | Zot:1    | Entered Level 1 of the Realm of Zot
 57877 | Zot:1    | Noticed a Killer Klown
 57881 | Zot:1    | Noticed a Killer Klown
 57893 | Zot:1    | Killed a Killer Klown
 57894 | Zot:1    | Killed a Killer Klown
 58411 | Zot:2    | Reached XP level 27. HP: 216/216 MP: 36/36
 60638 | Zot:4    | Found a transporter.
 60783 | Zot:4    | Found a transporter.
 60871 | Zot:4    | Noticed an ancient lich
 60875 | Zot:4    | Killed an ancient lich
 61578 | Zot:5    | Entered Level 5 of the Realm of Zot
 61890 | Zot:5    | Noticed an ancient lich
 61905 | Zot:5    | Killed an ancient lich
 62561 | Zot:5    | Noticed an ancient lich
 62586 | Zot:5    | Killed an ancient lich
 62726 | Zot:5    | Noticed an orb of fire
 62739 | Zot:5    | Gained mutation: You have sharp toenails. [an orb of fire]
 62744 | Zot:5    | Killed an orb of fire
 62765 | Zot:5    | Noticed an orb of fire
 62776 | Zot:5    | Noticed an orb of fire
 62781 | Zot:5    | Noticed an orb of fire
 62782 | Zot:5    | Killed an orb of fire
 62785 | Zot:5    | Killed an orb of fire
 62790 | Zot:5    | Noticed an orb of fire
 62792 | Zot:5    | Gained mutation: Your body sometimes deteriorates upon taking damage. [an orb of fire]
 62793 | Zot:5    | Gained mutation: Armour fits poorly on your strangely shaped body. [an orb of fire]
 62798 | Zot:5    | Noticed an orb of fire
 62798 | Zot:5    | Killed an orb of fire
 62801 | Zot:5    | Killed an orb of fire
 62804 | Zot:5    | Noticed an orb of fire
 62812 | Zot:5    | Gained mutation: You tend to lose your temper in combat. [an orb of fire]
 62813 | Zot:5    | Killed an orb of fire
 62815 | Zot:5    | Gained mutation: You occasionally shout uncontrollably at your foes. [an orb of fire]
 62816 | Zot:5    | Gained mutation: Your body often deteriorates upon taking damage. [an orb of fire]
 62820 | Zot:5    | Killed an orb of fire
 62850 | Zot:5    | Noticed an ancient lich
 62855 | Zot:5    | Paralysed by an ancient lich for 5 turns
 62868 | Zot:5    | Killed an ancient lich
 62884 | Zot:5    | HP: 9/232 [Orb Guardian (34)]
 62904 | Zot:5    | Lost mutation: You have sharp toenails. [potion of mutation]
 62904 | Zot:5    | Gained mutation: You are dopey. (Int -2) [potion of mutation]
 62904 | Zot:5    | Gained mutation: Your flesh is heat resistant. (rF+) [potion of mutation]
 62905 | Zot:5    | Lost mutation: You occasionally shout uncontrollably at your foes. [potion of mutation]
 62905 | Zot:5    | Lost mutation: Armour fits poorly on your strangely shaped body. [potion of mutation]
 62905 | Zot:5    | Lost mutation: You are partially covered in large bone plates. (SH +4) [potion of mutation]
 62905 | Zot:5    | Lost mutation: You tend to lose your temper in combat. [potion of mutation]
 62905 | Zot:5    | Lost mutation: Your body often deteriorates upon taking damage. [potion of mutation]
 62905 | Zot:5    | Gained mutation: Your spells are a little harder to cast, but a little more powerful. [potion of mutation]
 62905 | Zot:5    | Gained mutation: Your spells are harder to cast, but more powerful. [potion of mutation]
 62959 | Zot:5    | Noticed an orb of fire
 62970 | Zot:5    | Killed an orb of fire
 62973 | Zot:5    | Noticed xgamer67's ghost (veteran HuGl)
 62983 | Zot:5    | Got the Orb of Zot
 63268 | Depths:5 | Gained mutation: You are partially covered in slimy green scales. (AC +2) [a neqoxec]
 63290 | Depths:4 | Noticed Yngadokh the pandemonium lord
 63733 | D:$      | Escaped with the Orb!

Vault maps used:
D:1:      saegor_arrival_simple_a, due_unseen_surprise
D:2:      grunt_temple_overflow_open, minmay_small_reverse_x
D:3:      first_bread, uniq_sigmund, uniq_grinder, uniq_terence
D:4:      led_sif_book
D:5:      grunt_temple_overflow_champion_of_chaos, minmay_temple_entry_junction
D:6:      overflow_temple_1_default, serial_shops, nicolae_shop_waterfront,
          grunt_qazlal_clouds
D:7:      minitemple, lightli_orcish_oven
D:8:      due_lair_maze_entry_diamond, special_room, hangedman_pestilent_swarm,
          makhleb_heckhound_becter, uniq_erica
D:9:      erik_orc_3, serial_shops, nicolae_shop_crystal, nrook_loot_triangle,
          minivault_1, nicolae_benzene_ring, uniq_psyche
D:10:     basic_altar
D:13:     uniq_nessos
D:14:     david_vaults_4, enter_trove_2, roderic_roman_lattice,
          nicolae_blasting_shop
D:15:     grunt_enter_depths_hoard, serial_park_square1, serial_shops, shop
Lair:1:   hangedman_lair_generics_rect, grunt_megastairs_3
Lair:2:   nicolae_quartered_pool_super, infiniplex_staircase_pool,
          uniq_gastronok
Lair:3:   elwin_shoals_entry_rocks, spider_nest_entry_rubble,
          minmay_lair_oklob_chamber
Lair:4:   pond
Lair:5:   serial_bayou_shore_a
Lair:6:   grunt_lair_end_beastmaster, slime_dummy, serial_bayou,
          serial_bayou_ford_a, serial_bayou_pond_c, serial_bayou_pond_c,
          serial_bayou_crossing, lemuel_fruit_fields, lemuel_fruit_fields,
          serial_bayou_shore_b, lemuel_fruit_fields
Shoals:1: serial_shops, nicolae_shop_behind_doors,
          portal_ice_cave_entry_pillars_three
Shoals:2: uniq_polyphemus
Shoals:3: uniq_ilsuiw, uniq_bai_suzhen
Shoals:4: shoals_end_grunt_ice, shoals_ilsuiw_ice
Spider:2: nicolae_spider_ant_collections, uniq_jorgrun
Spider:3: nicolae_spider_webbed_stairs, uniq_arachne
Spider:4: spider_rune_water, hangedman_stitches_earthworm
Slime:3:  uniq_dissolution
Orc:1:    serial_shops, shop_fountains
Orc:2:    st_orc_rangers, lab_entry_generic
Vaults:1: ontoclasm_vaults_bender, vaults_mumra_lcd,
          nicolae_vaults_circle_grid_b, ontoclasm_vaults_gateway,
          hangedman_vaults_variations, ontoclasm_vaults_loading_screen,
          v_misc_3, nicolae_vaults_rhombus_5, v_misc_29,
          nicolae_vaults_sealed_display
Vaults:2: ontoclasm_vaults_ring_small, hangedman_vaults_nails,
          special_room_vaults, v_misc_10, v_misc_5, ontoclasm_vaults_eye,
          nicolae_vaults_twisting_passages, v_misc_22, v_pattern_4,
          nicolae_vaults_asterisk, ontoclasm_vaults_tryst,
          ontoclasm_vaults_decontamination, nicolae_vaults_little_ls
Vaults:3: v_misc_22, minmay_crypt_entry_simple_walls, v_misc_3,
          grunt_vaults_trifunnel, hangedman_vaults_slice, grunt_vaults_focal,
          nicolae_vaults_theta, v_misc_23, nicolae_vaults_network_quincunx,
          v_pattern_1, nicolae_vaults_little_squares_2, ontoclasm_vaults_twist,
          vaults_room_stairs_pillars, serial_shops, shop
Vaults:4: hangedman_vaults_pinch, grunt_vaults_bifocal, hangedman_vaults_slice,
          v_misc_9, hangedman_vaults_locks, hangedman_vaults_impose,
          vaults_mumra_minichess
Depths:1: hell_entry, minmay_misc_feat_four_crosses, kennysheep_generic_room_13,
          uniq_enchantress
Depths:2: evilmike_wizard_prison, minmay_misc_feat_rows,
          grunt_pan_entry_in_and_out, abyss_entry_crystal, hell_entry,
          hangedman_decor_lopped, minivault_10, firewood_loft,
          infiniplex_staircase_spiral, serial_bayou_shore_b
Depths:3: due_jory_tower, rand_demon_pan_entry_5, hell_entry,
          serial_sigils_hangedman_stare, minmay_shop_grove
Depths:4: cheibrodos_lost_city_excavation, enter_ziggurat_a, serial_sigils,
          serial_sigils_hangedman_confine, serial_sigils_hangedman_shear,
          serial_sigils_hangedman_carve, serial_sigils_hangedman_gnaw,
          serial_sigils_hangedman_clutch, serial_sigils_hangedman_leer,
          minmay_room_of_horrors, hell_entry, uniq_margery, uniq_saint_roka
Depths:5: grunt_zot_entry_hairpin, hangedman_glass_teeth,
          hangedman_coc_ice_floe, abyss_entry
Zot:1:    grunt_zot_stairs_faceoff
Zot:3:    hangedman_orp_of_zott, grunt_ministairs_11,
          hangedman_zot_decor_checkerboard
Zot:4:    gammafunk_sealed_library
Zot:5:    lemuel_golem_globe
Lab:      labyrinth_hidden_loot
IceCv:    ice_cave_small_demon

Skill      XL: |  1  2  3  4  5  6  7  8  9 10 11 12 13 14 15 16 17 18 19 20 21 22 23 24 25 26 27 |
---------------+----------------------------------------------------------------------------------+-----
Fighting       | 3 7 10 12 13 15 17 22 | 22.3
Axes           | 4 5 7 8 10 12 13 14 16 17 18 19 20 | 20.3
Armour         | 4 6 7 8 10 11 13 15 16 17 19 20 22 | 22.6
Invocations    | 4 8 12 13 15 17 18 | 18.0
Dodging        | 5 8 10 11 12 13 16 19 20 22 | 22.7
Evocations     | 1 5 6 7 12 15 | 15.0
Throwing       | |  2.0

Action                   |  1- 3 |  4- 6 |  7- 9 | 10-12 | 13-15 | 16-18 | 19-21 | 22-24 | 25-27 || total
-------------------------+-------+-------+-------+-------+-------+-------+-------+-------+-------++-------
Melee: War axe           |    96 |   132 |    36 |    73 |       |       |       |       |       ||   337
       Hand axe          |       |       |   424 |   802 |  1094 |       |       |       |       ||  2320
       Broad axe         |       |       |       |       |   140 |   134 |       |       |       ||   274
       Battleaxe         |       |       |       |       |    49 |   872 |  1215 |  1255 |  1609 ||  5000
Throw: Throwing net      |       |       |       |       |       |     3 |       |       |       ||     3
Invok: Stomp             |       |     2 |     5 |    11 |    17 |     1 |       |       |     1 ||    37
       Line Pass         |       |     1 |     4 |     6 |    19 |     6 |       |       |     2 ||    38
       Grand Finale      |       |       |       |       |     4 |     8 |     8 |     8 |    22 ||    50
Evoke: Wand              |       |       |       |     7 |    19 |       |     1 |     4 |     2 ||    33
       Phial of floods   |       |       |       |     1 |     3 |       |       |       |       ||     4
       Lightning rod     |       |       |       |       |     8 |     4 |     4 |       |       ||    16
       Lamp of fire      |       |       |       |       |       |       |       |     1 |       ||     1
       Sack of spiders   |       |       |       |       |       |       |       |       |     4 ||     4
  Use: Scroll            |       |     9 |     5 |    12 |     8 |    18 |     7 |     6 |    22 ||    87
       Potion            |       |       |     2 |     4 |     1 |     5 |     1 |     4 |    14 ||    31
 Stab: Paralysed         |       |     1 |    10 |    70 |   122 |   153 |   190 |   186 |   301 ||  1033
       Confused          |       |       |     1 |     5 |     8 |     1 |       |       |     2 ||    17
       Invisible         |       |       |       |     2 |       |     4 |       |       |       ||     6
       Petrified         |       |       |       |       |    11 |       |    11 |       |       ||    22
       Held in net/web   |       |       |       |       |       |     2 |       |       |       ||     2
  Eat: Chunk             |     2 |     5 |    18 |    45 |    44 |    35 |    29 |    30 |    14 ||   222
       Royal jelly       |       |       |       |       |       |     1 |     1 |       |     1 ||     3
       Bread ration      |       |       |       |       |       |       |     2 |       |     1 ||     3
       Meat ration       |       |       |       |       |       |       |       |       |     6 ||     6
       Fruit             |       |       |       |       |       |       |       |       |     4 ||     4
Armor: Chain mail        |    47 |    84 |   161 |       |       |       |       |       |       ||   292
       Plate armour      |       |       |    64 |   514 |   704 |   890 |   619 |   452 |   716 ||  3959
Dodge: Dodged            |    38 |    50 |   128 |   235 |   617 |   784 |   695 |   822 |  1860 ||  5229
Block: Other             |       |       |       |       |       |       |       |       |   167 ||   167
